AoeStats
← back

Black Forest

503258653Analyzed
3v3 RM · 3d ago on Aug 30, 2026· 90m 3s· 6 players
Game mode
Random Map
Map size
Normal (6 player)
Population
200
Speed
Normal
Resources
Standard
Victory
Conquest
Starting age
Dark Age
Ending age
Imperial Age
RankedLock teamsTeams togetherTeam positionsShared explorationLock speedFull tech treeHidden civsTurbo modeCheats
Victory
Defeat
🇪🇸 Burgundians · Spain
676
+10
🇷🇺 Chinese · Russia
565
+15
🇦🇷 Turks · Argentina
530
+17
🇪🇸 Vikings · Spain
950
-50
🇪🇸 Britons · Spain
361
-7
🇪🇸 Burgundians · Spain
342
-6
Я_НЕ_ПЛАЧУ
15:53 Feudal Age
19:57 Double-Bit Axe
24:59 Castle Age
25:10 Horse Collar
26:08 Wheelbarrow
25:16 Fishing Lines
26:18 Scale Barding Armor
26:14 Scale Mail Armor
26:25 Forging
26:18 Padded Archer Armor
26:08 Fletching
27:05 Bow Saw
26:58 Heavy Plow
26:53 Gold Mining
26:53 Stone Mining
27:11 Gillnets
28:30 Gold Shaft Mining
28:41 Stone Shaft Mining
29:19 Caravan
31:33 Hand Cart
37:07 Chain Barding Armor
37:03 Chain Mail Armor
37:23 Iron Casting
37:04 Leather Archer Armor
36:45 Bodkin Arrow
37:38 Pikeman
38:23 Squires
38:09 Arson
44:55 Imperial Age
48:05 Two-Man Saw
47:42 Plate Barding Armor
47:38 Plate Mail Armor
48:08 Blast Furnace
47:09 Bracer
47:39 Ring Archer Armor
47:36 Conscription
46:38 Elite Chu Ko Nu
48:56 Elite Fire Lancer
49:00 Halberdier
50:02 Rocketry
49:44 Heavy Cavalry Archer
49:48 Elite Skirmisher
49:51 Crossbowman
50:39 Thumb Ring
51:40 Chemistry
51:01 Ballistics
51:59 Murder Holes
51:53 Arrowslits
52:00 Guard Tower
62:47 Husbandry
63:00 Bloodlines
62:13 Light Cavalry
72:04 Cavalier
73:10 Bombard Tower
73:27 Keep
73:04 Fortified Wall
73:05 Masonry
72:46 Heated Shot
72:20 Arbalester
73:39 Coinage
88:23 Banking
88:02 Siphons
88:18 Shipwright
88:08 Clinker Construction
88:09 Careening
88:29 Architecture
88:27 Sanctity
88:07 Devotion
88:43 Theocracy
88:03 Herbal Medicine
88:34 Illumination
88:24 Block Printing
88:20 Fervor
88:10 Atonement
88:14 Great Wall
87:45 Sappers
88:26 Great Wall
87:56 Sappers
87:48 Spies/Treason
87:54 Capped Ram
87:55 Heavy Rocket Cart
87:55 Heavy Scorpion
88:02 Heavy Scorpion
88:03 Heavy Rocket Cart
88:22 Man-at-Arms
89:17 Medium Warships
88:29 Demolition Ship
89:13 Town Watch
89:15 Loom
90:47 Faith
90:00 Siege Ram
SirParaghe
7:54 Loom
24:10 Feudal Age
24:33 Horse Collar
24:42 Double-Bit Axe
24:49 Gold Mining
24:53 Stone Mining
25:02 Town Watch
26:50 Wheelbarrow
32:04 Castle Age
31:40 Fletching
31:51 Padded Archer Armor
35:56 Heavy Plow
36:09 Bow Saw
36:36 Gold Shaft Mining
36:04 Town Patrol
36:20 Hand Cart
36:14 Caravan
38:18 Leather Archer Armor
37:58 Bodkin Arrow
40:32 Guard Tower
40:25 Treadmill Crane
40:56 Fortified Wall
40:42 Murder Holes
41:05 Masonry
41:17 Ballistics
42:03 Coinage
42:03 Heated Shot
46:58 Imperial Age
44:53 Sipahi
50:58 Two-Man Saw
50:22 Conscription
50:53 Hoardings
49:49 Sappers
50:19 Artillery
49:41 Elite Janissary
51:01 Ring Archer Armor
50:32 Bracer
51:43 Keep
50:53 Arrowslits
53:38 Forging
53:29 Scale Mail Armor
53:53 Siphons
54:09 Bombard Tower
54:20 Architecture
59:29 Incendiaries
59:36 Careening
59:37 Clinker Construction
59:47 Shipwright
59:37 Incendiaries
60:20 Iron Casting
60:00 Chain Mail Armor
59:51 Scale Barding Armor
62:08 Guilds
62:29 Banking
64:53 Chain Barding Armor
65:03 Plate Mail Armor
65:34 Blast Furnace
67:17 Heavy Scorpion
67:18 Capped Ram
67:45 Arson
68:01 Squires
67:21 Man-at-Arms
72:04 Heavy Camel Rider
72:05 Cavalier
72:45 Husbandry
72:56 Bloodlines
83:28 Plate Barding Armor
83:16 Carvel Hull
83:16 Dry Dock
Roxitos9
1:18 Wheelbarrow
9:53 Horse Collar
15:44 Feudal Age
14:07 Double-Bit Axe
16:43 Bow Saw
16:35 Heavy Plow
22:36 Stone Mining
22:41 Gold Mining
23:30 Hand Cart
24:14 Stone Shaft Mining
29:19 Castle Age
27:20 Fishing Lines
28:48 Gold Shaft Mining
28:50 Gillnets
29:47 Caravan
31:50 Two-Man Saw
32:28 Burgundian Vineyards
36:27 Imperial Age
35:52 Forging
35:32 Fletching
35:43 Padded Archer Armor
35:49 Scale Barding Armor
36:39 Town Watch
38:03 Crop Rotation
37:16 Elite Coustillier
39:25 Conscription
40:17 Chemistry
39:38 Ballistics
38:59 Treadmill Crane
39:15 Murder Holes
39:47 Husbandry
40:03 Town Patrol
40:43 Iron Casting
40:04 Bodkin Arrow
40:24 Leather Archer Armor
40:30 Chain Barding Armor
43:11 Fortified Wall
43:48 Guard Tower
45:42 Masonry
46:12 Plate Barding Armor
46:38 Blast Furnace
45:38 Bracer
46:18 Elite Skirmisher
47:03 Arrowslits
47:57 Keep
48:32 Light Cavalry
49:54 Squires
49:40 Arson
49:19 Hussar
51:28 Hoardings
52:38 Architecture
52:13 Scale Mail Armor
53:16 Onager
53:24 Onager
75:51 Capped Ram
LuisMVilla
15:58 Loom
40:18 Feudal Age
48:05 Town Watch
61:22 Castle Age
61:29 Castle Age
Dubovsky
2:05 Wheelbarrow
1:18 Loom
13:15 Double-Bit Axe
17:27 Feudal Age
19:02 Hand Cart
20:58 Horse Collar
22:20 Heavy Plow
24:37 Bow Saw
30:23 Arson
31:33 Stone Mining
31:35 Gold Mining
34:03 Caravan
37:00 Castle Age
36:23 Man-at-Arms
38:13 Crop Rotation
37:19 Elite Skirmisher
40:24 Two-Man Saw
39:34 Husbandry
41:42 Guard Tower
42:15 Ballistics
41:37 Treadmill Crane
41:59 Murder Holes
42:16 Fortified Wall
42:18 Masonry
42:31 Cavalier
43:18 Squires
43:29 Scale Barding Armor
43:42 Forging
46:10 Iron Casting
51:16 Imperial Age
49:23 Light Cavalry
51:42 Burgundian Vineyards
52:35 Stone Shaft Mining
52:36 Gold Shaft Mining
52:32 Guilds
52:47 Scale Mail Armor
53:49 Blast Furnace
52:41 Fletching
52:52 Padded Archer Armor
56:44 Hoardings
60:51 Elite Coustillier
63:35 Sappers
64:28 Conscription
63:40 Paladin
64:42 Chain Mail Armor
64:48 Chain Barding Armor
64:44 Leather Archer Armor
64:24 Bodkin Arrow
71:53 Onager
88:00 Crossbowman
Guildermen
2:35 Loom
14:01 Feudal Age
14:28 Horse Collar
14:45 Gold Mining
14:46 Double-Bit Axe
17:51 Town Watch
18:11 Stone Mining
21:51 Wheelbarrow
23:39 Castle Age
22:33 Fletching
24:50 Bow Saw
25:33 Gold Shaft Mining
30:49 Bodkin Arrow
31:19 Heavy Plow
34:37 Caravan
35:22 Fervor
37:12 Sanctity
37:06 Masonry
37:18 Ballistics
36:39 Treadmill Crane
36:55 Murder Holes
37:11 Fortified Wall
37:07 Town Patrol
37:21 Padded Archer Armor
39:08 Forging
39:10 Herbal Medicine
43:50 Imperial Age
42:15 Devotion
43:25 Wheelbarrow
43:10 Leather Archer Armor
45:13 Architecture
45:40 Yeomen
45:42 Conscription
48:36 Hoardings
50:04 Chemistry
50:04 Illumination
50:06 Hand Cart
50:45 Ring Archer Armor
50:35 Bracer
51:22 Sappers
52:58 Block Printing
53:57 Faith
53:51 Scale Barding Armor
54:24 Iron Casting
54:06 Husbandry
53:39 Light Cavalry
55:08 Cavalier
56:04 Elite Longbowman
75:18 Blast Furnace
74:40 Chain Barding Armor
Connection lost

Rejoining the realm…

Still unreachable

The connection could not be restored.

Session expired

The server has moved on; the page needs a fresh start.